 Dungeon Crawl Stone Soup version 0.31-a0-369-g8eba5f6939 (webtiles) character file.

Game seed: 10253257107885713426

70 mopl the Trooper (level 4, -1/35 HPs)
             Began as a Demonspawn Fighter on July 28, 2023.
             Slain by a gnoll
             ... wielding a +0 whip
              (5 damage)
             ... on level 2 of the Dungeon.
             The game lasted 00:01:29 (1054 turns).

mopl the Trooper (Demonspawn Fighter)               Turns: 1054, Time: 00:01:30

Health: -1/35      AC:  6    Str: 16    XL:     4   Next: 4%
Magic:  4/4        EV:  9    Int: 10    God:
Gold:   38         SH:  9    Dex: 14    Spells: 3/3 levels left

rFire   . . .        a - +0 war axe
rCold   + . .        c - +0 buckler
rNeg    . . .        b - +0 scale mail
rPois   .            (helmet restricted)
rElec   .            (no cloak)
rCorr   .            (no gloves)
SInv    .            (no boots)
Will    .....        g - amulet of reflection Stlth
                     m - ring of protection from cold
HPRegen 0.25/turn    (no ring)
MPRegen 0.09/turn

%: reflection
@: no status effects
A: antennae 1, claws 1, weakness stinger 1
a: no special abilities


You were on level 2 of the Dungeon.
You visited 1 branch of the dungeon, and saw 2 of its levels.

You collected 71 gold pieces.
You spent 33 gold pieces at shops.

Inventory:

Hand Weapons
 a - a +0 war axe (weapon)
Missiles
 h - 4 poisoned darts
 p - 2 atropa-tipped darts
Armour
 b - a +0 scale mail (worn)
 c - a +0 buckler (worn)
Jewellery
 g - an amulet of reflection (around neck)
 m - a ring of protection from cold (left claw)
Scrolls
 e - a scroll of enchant weapon {unknown}
 i - a scroll of immolation {unknown}
 k - 2 scrolls of identify
 n - a scroll of revelation {unknown}
 o - a scroll of enchant armour {unknown}
 r - a scroll of teleportation {unknown}
Potions
 d - 2 potions of might
 f - a potion of resistance {unknown}
 j - a potion of ambrosia {unknown}
 l - a potion of magic {unknown}
 q - a potion of berserk rage {unknown}


   Skills:
 + Level 3.4 Fighting
 - Level 2.4 Axes
 + Level 3.1 Armour
 + Level 1.2 Dodging
 - Level 2.6 Shields
 * Level 1.1 Unarmed Combat


You had 3 spell levels left.
You didn't know any spells.
Your spell library was empty.

Dungeon Overview and Level Annotations

Branches:
Dungeon (2/15)

Altars:

Shops:
D:2 ?


Innate Abilities, Weirdness & Mutations

You have a pair of small antennae on your head.
You have sharp fingernails.
You have a small tail.


Message History

The gnoll is heavily wounded.
You block the gnoll's attack. The gnoll hits you with a +0 flail.
You closely miss the gnoll.
The gnoll is heavily wounded.
The gnoll hits you with a +0 flail. You block the gnoll's attack. x2
The gnoll hits you from afar with a +0 spear.
You hit the gnoll.
The gnoll is severely wounded.
You block the gnoll's attack. The gnoll hits you but does no damage.
You slash the gnoll!
You kill the gnoll!
The gnoll hits you from afar with a +0 spear.
The gnoll hits you with a +0 whip.
The gnoll hits you from afar with a +0 spear.
You have reached level 4!
You feel clever.
Your demonic ancestry asserts itself...
You grow a small tail.
The gnoll attacks as you move away! The gnoll hits you with a +0 whip.
* * * LOW HITPOINT WARNING * * *
You barely miss the gnoll. You block the gnoll's attack.
The gnoll hits you from afar with a +0 spear.
* * * LOW HITPOINT WARNING * * *
You barely miss the gnoll. You block the gnoll's attack. x2
You hit the gnoll.
The gnoll is lightly wounded.
You block the gnoll's attack. x2
The gnoll hits you from afar with a +0 spear.
* * * LOW HITPOINT WARNING * * *
The gnoll hits you but does no damage.
You hit the gnoll but do no damage.
You tail-slap the gnoll, but do no damage.
The gnoll is lightly wounded.
The gnoll hits you with a +0 whip.
* * * LOW HITPOINT WARNING * * *
You block the gnoll's attack.
You closely miss the gnoll.
The gnoll is lightly wounded.
The gnoll barely misses you. The gnoll hits you but does no damage.
The gnoll hits you with a +0 whip.
You die...

..#.######.............##
..#.# .#.#.#.#.#.#.#
###.# ............## #.#
..#.#.#.#.#.# #.#
............# #.#
#..#.#.#.#..# #.#
####.#.......#.# #..
......####..##.# ###
#..ggg@.....#
#..########## #. #


You could see 3 gnolls.

Vanquished Creatures
  A gnoll (D:2)
  2 adders (D:2)
  2 dart slugs
  A ball python (D:1)
  2 endoplasms (D:1)
  2 giant cockroaches (D:2)
  5 goblins
  4 hobgoblins (D:1)
  9 jackals
  A frilled lizard (D:1)
  A kobold (D:1)
  4 rats
34 creatures vanquished.

Notes
Turn   | Place    | Note
-------+----------+-------------------------------------------
     0 | D:1      | mopl the Demonspawn Fighter began the quest for the Orb.
     0 | D:1      | Reached XP level 1. HP: 18/18 MP: 1/1
    88 | D:1      | Reached skill level 2 in Axes
   148 | D:1      | Discovered your monstrous ancestry.
   148 | D:1      | Gained mutation: You have sharp fingernails. [demonic
                  | ancestry]
   148 | D:1      | Reached XP level 2. HP: 22/24 MP: 2/2
   167 | D:1      | Found a faded altar of an unknown god.
   526 | D:1      | Gained mutation: You have a pair of small antennae on your
                  | head. [demonic ancestry]
   526 | D:1      | Reached XP level 3. HP: 16/29 MP: 3/3
   730 | D:2      | Reached skill level 3 in Armour
   730 | D:2      | Reached skill level 1 in Dodging
   844 | D:2      | Found Readucs's Magic Scroll Shoppe.
   848 | D:2      | Bought a scroll of noise for 11 gold pieces
   848 | D:2      | Bought a scroll of identify for 22 gold pieces
   979 | D:2      | Reached skill level 1 in Unarmed Combat
  1048 | D:2      | Gained mutation: You have a small tail. [demonic ancestry]
  1048 | D:2      | Reached XP level 4. HP: 11/35 MP: 4/4
  1054 | D:2      | Slain by a gnoll

Illustrated notes

Levels and vault maps discovered:
D:1:      co_arrival_square_in_a_square_in_a_square, layout_basic,
          hellmonk_ecumenical_altar_crossroads, minmay_tromino_v4_a
D:2:      layout_loops_ring, serial_shops, shop, hex_medium

Skill      XL: |  1  2  3 |
---------------+----------+-----
Axes           | 2 |  2.4
Armour         | 3 |  3.1
Dodging        | 1 |  1.2
Unarmed Combat | 1 |  1.1
Fighting       | |  3.4
Shields        | |  2.6

Action                     |  1- 3 |  4- 6 || total
---------------------------+-------+-------++-------
  Melee: War axe           |   121 |     5 ||   126
         Tailslap          |       |     1 ||     1
    Use: Scroll            |     1 |       ||     1
 Armour: Scale mail        |    33 |     2 ||    35
  Dodge: Dodged            |    46 |     1 ||    47
  Block: Buckler           |    72 |     6 ||    78
         Reflection        |     1 |       ||     1

Table legend: (Time is in decaauts)
 A = Elapsed time spent in this place.
 B = Non-inter-level travel time spent in this place.
 C = Inter-level travel time spent in this place.
 D = Time resting spent in this place.
 E = Time spent auto-exploring this place.
 F = Levels seen in this place.
 G = Mean time per level.
                   A        B        C        D        E       F      G
               +--------+--------+--------+--------+--------+-----+--------+
         Total |   1106 |   1095 |     11 |     47 |    760 |   2 |  553.0 |
       Dungeon |   1106 |   1095 |     11 |     47 |    760 |   2 |  553.0 |
               +--------+--------+--------+--------+--------+-----+--------+

Top non-repeatable levels by time:
     D:1: 739 daAuts
     D:2: 366 daAuts
